 Dungeon Crawl Stone Soup version 0.29.1-2-gbd0b4ee654 (webtiles) character file.

Game seed: 13095764625786033878

294 Icepheonix32 the Reanimator (level 6, -6/32 HPs)
             Began as a Deep Elf Necromancer on Nov 2, 2022.
             Killed by divine providence
             ... invoked by an orc priest
              (11 damage)
             ... on level 2 of the Dungeon.
             The game lasted 00:02:35 (1504 turns).

Icepheonix32 the Reanimator (Deep Elf Necromancer)  Turns: 1504, Time: 00:02:36

Health: -6/32      AC:  2    Str:  5 (7)  XL:     6   Next: 11%
Magic:  1/12       EV: 12    Int: 19 (20) God:
Gold:   106        SH:  0    Dex: 13 (15) Spells: 10/11 levels left

rFire   . . .      SeeInvis +   g - +2 spear (vorpal)
rCold   . . .      Faith    .   (no shield)
rNeg    . . .      Spirit   .   a - +0 robe
rPois   .          Reflect  .   (no helmet)
rElec   .          Harm     .   (no cloak)
rCorr   .          Rampage  .   (no gloves)
Will    .....                   (no boots)
Stlth   +.........              (no amulet)
HPRegen 0.10/turn               j - ring of see invisible
MPRegen 0.13/turn               (no ring)

@: confused
A: no striking features
a: no special abilities


You were on level 2 of the Dungeon.
You visited 1 branch of the dungeon, and saw 2 of its levels.

You collected 106 gold pieces.

Inventory:

Hand Weapons
 g - a +2 vorpal spear (weapon)
Armour
 a - a +0 robe (worn)
Jewellery
 j - a ring of see invisible (left hand)
Scrolls
 c - 2 scrolls of vulnerability {unknown}
 d - a scroll of teleportation {unknown}
 f - a scroll of butterflies {unknown}
 i - a scroll of fear {unknown}
 k - a scroll of magic mapping {unknown}
Potions
 b - a potion of magic
 h - a potion of degeneration


   Skills:
 - Level 2.4 Dodging
 - Level 2.4 Stealth
 - Level 3.0 Spellcasting
 + Level 8.9 Necromancy


You had 10 spell levels left.
You knew the following spells:

 Your Spells              Type           Power      Damage    Failure   Level
a - Necrotise             Necr           100%       1d9       1%          1

Your spell library contained the following spells:

 Spells                   Type           Power      Damage    Failure   Level
 Vampiric Draining        Necr           37%        2d8       1%          3
 Animate Dead             Necr           37%        N/A       3%          4
 Agony                    Necr           37%        N/A       11%         5


Dungeon Overview and Level Annotations

Branches:
Dungeon (2/15)

Altars:


Message History

Confirm with . or Enter, or press ? or * to list all spells.
Aiming: Necrotise (safe; 1% risk of failure)
Press: ? - help, Shift-Dir - straight line, f/p - orc wizard
Aim: an orc wizard, wielding a +0 dagger and wearing a +0 robe (almost dead, chance to affect: 83%)
The orc wizard writhes in agony!
You kill the orc wizard!
The dead are walking!
The orc priest hits your orc wizard skeleton with a +0 hand axe.
Casting: Necrotise (safe; 1% risk of failure)
Confirm with . or Enter, or press ? or * to list all spells.
Aiming: Necrotise (safe; 1% risk of failure)
Press: ? - help, Shift-Dir - straight line, f - orc wizard
Aim: an orc wizard, wielding a +0 dagger and wearing a +0 robe (chance to affect: 83%)
The orc wizard writhes in agony.
The orc priest hits your orc wizard skeleton with a +0 hand axe!
Unknown command.
You closely miss the orc wizard.
The orc wizard is lightly wounded.
Your orc wizard skeleton hits the orc priest.
The orc wizard barely misses you.
The orc priest hits your orc wizard skeleton with a +0 hand axe.
You closely miss the orc wizard.
The orc wizard is lightly wounded.
The orc wizard hits you with a +0 dagger.
The orc priest calls down the wrath of Beogh upon you.
Beogh smites you!
* * * LOW HITPOINT WARNING * * *
Your orc wizard skeleton hits the orc priest.
You closely miss the orc wizard.
The orc wizard is lightly wounded.
The orc wizard closely misses you.
Your orc wizard skeleton hits the orc priest but does no damage.
It was a potion of degeneration.
There was something very wrong with that liquid.
You feel weakened.
You feel dopey.
You feel clumsy.
The orc wizard points at you and mumbles some strange words.
You are confused.
The orc priest invokes the aid of Beogh against you.
Beogh smites you!
You die...

.... #............# #.
..... ##........#.## #.
.....## #...........####.
....o..## #..........###...
........## #..........#
#..# .........#
#..........###..# #.......#
#..........##...#
#.......####.......)###.#..
#.^....ooo@................
#......Z#######.###.###.#.#
#.......# ..........#.#
#.......# ....####...#
#.......# .####...###
..#...#.# #.####. .######..
#.#.... ## #.Z.### #.....#


You could see 2 orc priests, an orc wizard and a friendly orc wizard skeleton.

Vanquished Creatures
  Sigmund (D:2)
  Jessica (D:2)
  An orc wizard (D:2)
  Natasha (twice) (D:2)
  A dart slug (D:1)
  An orc (D:2)
  4 ball pythons (D:1)
  2 endoplasms (D:1)
  2 giant cockroaches
  A goblin (D:1)
  7 hobgoblins
  5 jackals (D:1)
  3 kobolds (D:1)
  3 bats
  3 frilled lizards
  2 rats
39 creatures vanquished.

Vanquished Creatures (collateral kills)
  An endoplasm (D:1)
1 creature vanquished.

Grand Total: 40 creatures vanquished

Notes
Turn   | Place    | Note
-------+----------+-------------------------------------------
     0 | D:1      | Icepheonix32 the Deep Elf Necromancer began the quest for
                  | the Orb.
     0 | D:1      | Reached XP level 1. HP: 10/10 MP: 6/6
    15 | D:1      | Reached skill level 5 in Necromancy
   158 | D:1      | Reached XP level 2. HP: 15/15 MP: 6/8
   490 | D:1      | Found a faded altar of an unknown god.
   650 | D:1      | Reached skill level 6 in Necromancy
   653 | D:1      | Reached XP level 3. HP: 19/19 MP: 2/9
  1158 | D:2      | Noticed Jessica
  1162 | D:2      | Killed Jessica
  1236 | D:2      | Noticed Natasha
  1246 | D:2      | Killed Natasha
  1247 | D:2      | Reached skill level 7 in Necromancy
  1247 | D:2      | Reached XP level 4. HP: 7/24 MP: 2/10
  1311 | D:2      | Noticed Natasha
  1316 | D:2      | Killed Natasha
  1468 | D:2      | Noticed Sigmund
  1481 | D:2      | Killed Sigmund
  1482 | D:2      | Reached skill level 8 in Necromancy
  1482 | D:2      | Reached XP level 5. HP: 15/28 MP: 3/11
  1482 | D:2      | Reached XP level 6. HP: 17/32 MP: 3/12
  1504 | D:2      | Killed from afar by an orc priest

Illustrated notes

Levels and vault maps discovered:
D:1:      ncdulo_watergridlock, layout_basic,
          hellmonk_ecumenical_altar_crossroads, minmay_pentomino_o4
D:2:      layout_rooms, uniq_sigmund, uniq_jessica, uniq_natasha

Skill      XL: |  1  2  3  4 |
---------------+-------------+-----
Necromancy     | 5 6 7 8 |  8.9
Dodging        | |  2.4
Stealth        | |  2.4
Spellcasting   | |  3.0

Action                   |  1- 3 |  4- 6 || total
-------------------------+-------+-------++-------
Melee: Spear             |     6 |     7 ||    13
 Cast: Necrotise         |    56 |    17 ||    73
  Use: Potion            |       |     4 ||     4
Armor: Robe              |     2 |     2 ||     4
Dodge: Dodged            |    17 |     9 ||    26
